 Dungeon Crawl Stone Soup version 0.21-a0-142-gdd972a7 (webtiles) character file.

148533 Gravitas the Devastator (level 17, -5/102 HPs)
             Began as a Gargoyle Fire Elementalist on July 22, 2017.
             Was a High Priest of Vehumet.
             Slain by a tyrant leech (25 damage)
             ... called by a spriggan druid
             ... on level 4 of the Swamp on July 23, 2017.
             The game lasted 04:23:50 (38455 turns).

Gravitas the Devastator (GrFE)                     Turns: 38455, Time: 04:23:51

Health: -5/102     AC: 29    Str: 14    XL:     17   Next: 19%
Magic:  17/33      EV: 15    Int: 30    God:    Vehumet [*****.]
Gold:   2330       SH:  5    Dex: 16    Spells: 11/41 levels left

rFire    + + .     SeeInvis .   a - +0 hand axe "Uxeonkat" {elec, Int+6}
rCold    . . .     Gourm    .   (no shield)
rNeg     + . .     Faith    .   g - +3 scale mail {rF+}
rPois    ∞         Spirit   .   s - +2 hat {Int+3}
rElec    +         Reflect  +   W - +0 cloak
rCorr    .         Harm     .   (no gloves)
MR       +....                  (no boots)
Stlth    +.........             v - +5 amulet of reflection
HPRegen  0.27/turn              E - +6 ring of dexterity
MPRegen  0.23/turn              A - ring of protection from fire

@: flying, slowed, very slow
A: big wings, molten scales 1, negative energy resistance 1, electricity
resistance, unbreathing, petrification resistance, rot immunity, AC +12
}: 1/15 runes: decaying
a: Stop Flying, Renounce Religion


You were on level 4 of the Swamp.
You worshipped Vehumet.
Vehumet was extremely pleased with you.
You were not hungry.

You visited 6 branches of the dungeon, and saw 28 of its levels.
You also visited: Labyrinth and Sewer.

You collected 2478 gold pieces.
You spent 148 gold pieces at shops.

Inventory:

Hand Weapons
 a - the +0 hand axe "Uxeonkat" (weapon) {elec, Int+6}
   (You found it on level 8 of the Dungeon)

   Occasionally, upon striking a foe, it will discharge some electrical energy
   and cause terrible harm.
   It affects your intelligence (+6).
 b - the +6 long sword of Verpharomn {speed, rElec Dex+4}
   (You found it in a labyrinth)

   Attacks with this weapon are significantly faster.
   It affects your dexterity (+4).
   It insulates you from electricity.
 y - a +0 blowgun
Missiles
 d - 766 stones (quivered)
 w - 8 curare-tipped needles
Armour
 g - a +3 scale mail of fire resistance (worn)
 s - a +2 hat of intelligence (worn)
 W - a +0 cloak (worn)
Jewellery
 v - a +5 amulet of reflection (around neck)
 A - a ring of protection from fire (right hand)
 E - a +6 ring of dexterity (left hand)
 G - an uncursed ring of resist corrosion {unknown}
Wands
 k - a wand of lightning (5/15)
 n - a wand of confusion (14/48)
 t - a wand of enslavement (14/24)
 u - a wand of iceblast (14/15)
 x - a wand of digging (13/24)
 H - a wand of digging (8/24)
 O - a wand of paralysis (21/24)
 P - a wand of scattershot (2/9)
 U - a wand of disintegration (13/24)
Scrolls
 f - a scroll of silence
 h - 8 scrolls of teleportation
 l - a scroll of identify
 m - a scroll of enchant armour
 r - 4 scrolls of remove curse
 B - 5 scrolls of fear
 D - 3 scrolls of amnesia
 T - 2 scrolls of fog
Potions
 c - a potion of invisibility
 e - 6 potions of curing
 j - 4 potions of brilliance
 p - 2 potions of berserk rage
 z - 4 potions of resistance
 C - 5 potions of haste
 I - 3 potions of cancellation
 M - 2 potions of magic
Miscellaneous
 K - a fan of gales
 Q - a phantom mirror
 X - a box of beasts
 Y - a phial of floods
Comestibles
 i - 4 meat rations
 q - 8 royal jellies
 F - 12 bread rations


   Skills:
 - Level 10.0 Fighting
 + Level 9.9 Armour
 - Level 10.0 Dodging
 - Level 2.1 Stealth
 + Level 12.6 Spellcasting
 + Level 17.6 Conjurations
 + Level 12.8 Fire Magic
 - Level 4.3 Evocations


You had 11 spell levels left.
You knew the following spells:

 Your Spells              Type           Power        Failure   Level  Hunger
a - Flame Tongue          Conj/Fire      #####        0%          1    None
b - Conjure Flame         Conj/Fire      #######.     1%          3    None
c - Sticky Flame          Conj/Fire      #######.     1%          4    None
d - Freeze                Ice            ###.         2%          1    None
e - Fireball              Conj/Fire      #######...   1%          5    ##.....
f - Force Lance           Conj/Tloc      ######..     1%          4    None
g - Bolt of Fire          Conj/Fire      #######...   1%          6    ####...
h - Freezing Cloud        Conj/Ice/Air   ######....   28%         6    ####...


Dungeon Overview and Level Annotations

Branches:
Dungeon (14/15)            Temple (1/1) D:6            Lair (6/6) D:9
  Swamp (4/4) Lair:3        Snake (1/4) Lair:2        Slime (0/5) Lair:6
    Orc (2/2) D:12            Elf (0/3) Orc:2
 Vaults: D:13-14

Altars:
Ashenzari
Cheibriados
Dithmenos
Elyvilon
Fedhas
Hepliaklqana
Kikubaaqudgha
Makhleb
Nemelex Xobeh
Okawaru
Qazlal
Ru
Sif Muna
Uskayaw
Vehumet
Wu Jian
Xom
Yredelemnul
Zin
The Shining One
Beogh

Shops:
D:6 (   D:7 !   Orc:2 (}(}?

Annotations:
D:14 Azrael, Kirke, Urug
Swamp:3 exclusion: Roxanne, Mara, Roxanne


Innate Abilities, Weirdness & Mutations

You are resistant to torment.
Your stone body is resilient. (AC +12)
You are immune to poison.
Your large and strong wings let you fly indefinitely.
You resist negative energy. (rN+)
You are resistant to electric shocks. (rElec)
You can survive without breathing.
You are immune to petrification.
You are immune to rotting.
You are partially covered in molten scales. (AC +2)


Message History

You feel your power returning. The tyrant leech bites you!!
Casting: Bolt of Fire
Confirm with . or Enter, or press ? or * to list all spells.
Aiming: Sticky Flame
Press: ? - help, Shift-Dir - straight line, f - tyrant leech
Aim: a tyrant leech (unusually strong)
The sticky flame hits the tyrant leech.
The tyrant leech is lightly wounded.
The tyrant leech is covered in liquid flames!
The tyrant leech burns!
The tyrant leech bites you but does no damage.
The tyrant leech burns! x2; You block the tyrant leech's attack.
The flames covering the tyrant leech go out.
The tyrant leech stops burning.
The tyrant leech bites you!
* * * LOW HITPOINT WARNING * * *
A spiny frog comes into view.
The spiny frog gives a loud, deep croak!
The tyrant leech bites you!!
You die...

≈§...≈...≈≈≈≈≈.♣≈≈≈≈≈≈
§.≈≈≈...§..[.≈≈♣♣##♣≈≈.. ♣♣♣
≈♣.≈≈≈...≈≈..≈≈♣# #♣≈.. ≈.♣
♣≈≈..♣§...≈≈≈.♣≈≈######♣≈. ≈≈≈
♣♣♣≈.≈≈.♣≈≈≈.≈≈♣≈###...###♣≈ ≈≈♣
≈≈§≈ ≈..≈≈≈≈§.≈##[......##♣ Z§♣
♣♣.≈ ♣≈.≈≈.≈≈≈#.........## ≈.♣♣♣
♣≈..♣♣♣§...♣.≈##.........## ≈..≈♣
♣≈..≈F..w@.≈≈≈#.........## ≈≈≈≈♣
♣♣≈..≈≈≈.≈≈.≈≈♣##.......###
≈§≈§♣♣♣≈≈..≈≈≈≈≈§..≈≈♣#.......#♣♣
..§♣♣♣≈..†)..♣≈≈.≈.♣≈.##.....##≈.
§♣♣[≈≈...♣.≈§♣♣♣≈♣♣♣♣≈♣##...##♣≈.
§§§≈≈≈†....≈.♣ ♣♣♣ ♣≈≈≈##.##≈...
t§.≈≈$≈♣♣♣..♣♣ ♣♣♣.≈.....♣.≈
≈§≈≈≈≈≈.♣♣♣♣♣ ♣♣≈♣≈♣≈♣♣♣.
.≈≈≈$≈≈≈≈♣ ♣♣♣♣♣♣♣ ♣♣


You could see a tyrant leech and a spiny frog.

Vanquished Creatures
  Jorgrun (Swamp:4)
  2 thorn hunters
  Gastronok (Lair:1)
  A stone giant (Orc:1)
  2 entropy weavers (Lair:6)
  An ettin (Orc:2)
  A minotaur (Lab)
  Josephine (Lair:5)
  3 naga warriors (Snake:1)
  22 hydras
  A centaur warrior (D:13)
  A merfolk avatar (Lair:6)
  4 two-headed ogres
  An orc high priest (D:10)
  10 alligators
  A queen ant (Lair:6)
  3 death yaks (D:9)
  2 naga sharpshooters (Snake:1)
  Nergalle (D:11)
  Sonja (D:11)
  7 swamp dragons
  Pikel (D:4)
  4 spriggan druids
  2 shambling mangroves (Swamp:3)
  3 mana vipers (Snake:1)
  2 ugly things
  2 orc sorcerers (Orc:1)
  A salamander (Snake:1)
  2 manticores (Lair:6)
  A cyclops (Orc:1)
  14 elephants
  4 naga magi (Snake:1)
  10 black mambas
  A gargoyle (D:11)
  An ice statue (D:11)
  2 centaur zombies
  5 rime drakes
  25 spiny frogs
  16 komodo dragons
  A minotaur zombie (Lab)
  3 polar bears
  10 trolls
  6 tyrant leeches
  10 dream sheep
  9 hippogriffs
  14 hornets
  7 bog bodies
  19 blink frogs
  11 slime creatures
  8 spriggans
  A shadow (D:13)
  3 wyverns
  3 wraiths
  3 hogs
  6 basilisks
  45 yaks
  2 fire elementals (D:13)
  4 hungry ghosts (Lab)
  18 vampire mosquitoes
  A warg (D:12)
  7 nagas
  23 swamp worms
  14 water moccasins
  15 insubstantial wisps
  24 soldier ants
  2 hell hounds (D:13)
  4 porcupines
  11 swamp drakes
  32 orc warriors
  3 sky beasts
  6 black bears
  6 ice beasts
  15 centaurs
  2 phantoms
  2 necrophages (D:7)
  20 ogres
  26 wolves
  19 crocodiles
  3 big kobolds (D:12)
  Blork the orc (D:5)
  12 bullfrogs
  2 gnoll sergeants (D:12)
  2 scorpions
  11 killer bees
  2 troll skeletons (Lab)
  3 wights (D:13)
  A spriggan skeleton (Lab)
  4 electric eels (Lair:2)
  4 crimson imps
  A howler monkey (D:7)
  4 jellies
  9 orc priests
  3 centaur skeletons
  4 hounds
  3 bullfrog skeletons
  26 orc wizards
  Jessica (D:3)
  2 iguanas
  23 worker ants
  An ogre skeleton (Lab)
  A hound skeleton (D:5)
  5 gnolls
  A worker ant zombie (D:9)
  14 adders
  3 river rats (D:4)
  2 shadow imps
  5 oozes
  2 adder skeletons
  An adder zombie (D:6)
  4 worms (Sewer)
  2 dart slugs
  7 leopard geckos
  71 orcs
  2 ball pythons
  13 bats
  7 giant cockroaches
  13 goblins
  9 hobgoblins
  9 jackals
  4 quokkas
  9 frilled lizards
  6 kobolds
  A leopard gecko skeleton (D:5)
  A quokka zombie (D:5)
  7 rats
899 creatures vanquished.

Vanquished Creatures (others)
  2 alligators (Swamp:4)
  A hornet (Swamp:4)
  A soldier ant (Lair:6)
  An orc warrior (Orc:2)
  A slave (D:5)
  A centaur (Orc:2)
  2 bushes (Lair:6)
  24 fungi
  46 plants
79 creatures vanquished.

Grand Total: 978 creatures vanquished

Notes
Turn   | Place    | Note
-------+----------+-------------------------------------------
     0 | D:1      | Gravitas the Gargoyle Fire Elementalist began the quest for the Orb.
     0 | D:1      | Reached XP level 1. HP: 10/10 MP: 3/3
   231 | D:1      | Reached XP level 2. HP: 14/15 MP: 3/5
   796 | D:1      | Reached skill level 2 in Conjurations
   811 | D:1      | Reached XP level 3. HP: 19/19 MP: 4/6
  1622 | D:2      | Reached XP level 4. HP: 24/24 MP: 8/8
  1958 | D:2      | Reached skill level 3 in Conjurations
  1983 | D:2      | Learned a level 3 spell: Conjure Flame
  1988 | D:2      | Learned a level 4 spell: Sticky Flame
  2168 | D:3      | Found a faded altar of an unknown god.
  2331 | D:3      | Noticed Jessica
  2337 | D:3      | Killed Jessica
  2337 | D:3      | Reached XP level 5. HP: 28/28 MP: 4/9
  2777 | D:4      | Found a glowing silver altar of Zin.
  2869 | D:4      | Found a stormy altar of Qazlal.
  2891 | D:4      | Found a snail-covered altar of Cheibriados.
  2938 | D:4      | Reached skill level 4 in Conjurations
  2938 | D:4      | Reached XP level 6. HP: 21/32 MP: 3/11
  3002 | D:4      | Found a glowing drain.
  3044 | Sewer    | Entered a sewer
  4050 | D:4      | Reached XP level 7. HP: 33/36 MP: 3/13
  4313 | D:5      | Entered Level 5 of the Dungeon
  4368 | D:5      | Reached skill level 5 in Conjurations
  4406 | D:5      | Noticed Pikel
  4471 | D:4      | Killed Pikel
  4471 | D:4      | Reached skill level 5 in Spellcasting
  4471 | D:4      | Reached skill level 6 in Conjurations
  4471 | D:4      | Reached skill level 5 in Fire Magic
  4471 | D:4      | Reached XP level 8. HP: 33/41 MP: 1/15
  4561 | D:5      | Noticed Blork the orc
  4576 | D:5      | Killed Blork the orc
  4653 | D:5      | Found an ornate altar of the Wu Jian Council.
  4870 | D:6      | Found a staircase to the Ecumenical Temple.
  4878 | Temple   | Entered the Ecumenical Temple
  4921 | Temple   | Became a worshipper of Vehumet
  5092 | D:6      | Found an iron altar of Okawaru.
  5121 | D:6      | Found Jupa's Antique Weapon Boutique.
  5492 | D:6      | Reached skill level 7 in Conjurations
  5515 | D:6      | Found a hide-covered altar of Uskayaw.
  5925 | D:7      | Found an ancient bone altar of Kikubaaqudgha.
  5972 | D:7      | Reached XP level 9. HP: 45/45 MP: 10/18
  6275 | D:7      | Reached * piety under Vehumet
  6275 | D:7      | Offered knowledge of Freeze by Vehumet.
  6374 | D:7      | Learned a level 1 spell: Freeze
  6380 | D:7      | Learned a level 5 spell: Fireball
  6383 | D:7      | Found Xeydoal's Distillery.
  6417 | D:7      | Bought a potion of mutation for 96 gold pieces
  6417 | D:7      | Gained mutation: You are resistant to hostile enchantments. (MR+) [potion of mutation]
  6417 | D:7      | Gained mutation: You are dopey. (Int -2) [potion of mutation]
  6417 | D:7      | Gained mutation: You are partially covered in yellow scales. (AC +2) [potion of mutation]
  6417 | D:7      | Gained mutation: Your skin changes colour to match your surroundings (Stealth+). [potion of mutation]
  6542 | D:7      | Reached skill level 8 in Conjurations
  6774 | D:8      | Got a twisted hand axe
  6775 | D:8      | Identified the cursed +0 hand axe "Uxeonkat" {elec, Int+6} (You found it on level 8 of the Dungeon)
  6906 | D:8      | Found a sacrificial altar of Ru.
  8072 | D:9      | Found a staircase to the Lair.
  8072 | D:9      | Noticed a death yak
  8072 | D:9      | Noticed a death yak
  8133 | D:9      | Found a blossoming altar of Fedhas.
  8212 | D:9      | Reached skill level 9 in Conjurations
  8212 | D:9      | Reached XP level 10. HP: 50/50 MP: 13/21
  8293 | D:9      | Reached ** piety under Vehumet
  8327 | D:9      | Noticed a death yak
  8343 | D:9      | Offered knowledge of Throw Frost by Vehumet.
  8667 | D:9      | Noticed an eight-headed hydra
  8685 | D:9      | Killed an eight-headed hydra
  8822 | D:9      | Got a bone flail {flame}
  8823 | D:9      | Identified the +3 flail of Nixomiut {flame, +Rage rElec Str-3 Int-4} (You took it off an orc on level 9 of the Dungeon)
  8826 | D:9      | Lost mutation: You are dopey. (Int -2) [potion of mutation]
  8826 | D:9      | Lost mutation: Your skin changes colour to match your surroundings (Stealth+). [potion of mutation]
  8826 | D:9      | Lost mutation: You are resistant to hostile enchantments. (MR+) [potion of mutation]
  8826 | D:9      | Gained mutation: You are agile. (Dex +2) [potion of mutation]
  8826 | D:9      | Gained mutation: You are partially covered in molten scales. (AC +2) [potion of mutation]
  8826 | D:9      | Gained mutation: You occasionally shout uncontrollably at your foes. [potion of mutation]
  8826 | D:9      | Gained mutation: You are resistant to hostile enchantments. (MR+) [potion of mutation]
  8827 | D:9      | Lost mutation: You are resistant to hostile enchantments. (MR+) [potion of mutation]
  8827 | D:9      | Lost mutation: You are agile. (Dex +2) [potion of mutation]
  8827 | D:9      | Lost mutation: You occasionally shout uncontrollably at your foes. [potion of mutation]
  8827 | D:9      | Lost mutation: You are partially covered in yellow scales. (AC +2) [potion of mutation]
  8827 | D:9      | Lost mutation: You are partially covered in molten scales. (AC +2) [potion of mutation]
  8827 | D:9      | Gained mutation: You expend magic power (3 MP) to strengthen your wands. [potion of mutation]
  8827 | D:9      | Gained mutation: You are partially covered in molten scales. (AC +2) [potion of mutation]
  9029 | D:9      | Reached skill level 1 in Fighting
  9510 | D:10     | Entered Level 10 of the Dungeon
  9573 | D:10     | Offered knowledge of Stone Arrow by Vehumet.
  9573 | D:10     | Reached skill level 10 in Conjurations
  9919 | D:10     | Found a shadowy altar of Dithmenos.
  9986 | D:10     | Reached *** piety under Vehumet
  9986 | D:10     | Reached XP level 11. HP: 62/62 MP: 13/23
  9996 | D:10     | Reached skill level 10 in Fire Magic
 10040 | D:10     | Reached skill level 5 in Fighting
 10088 | D:10     | Found a transporter.
 10445 | D:10     | Noticed a cyclops
 10445 | D:10     | Found a roughly hewn altar of Beogh.
 10446 | D:10     | Noticed an orc high priest
 10446 | D:10     | Noticed an ettin
 10459 | D:10     | Killed an orc high priest
 10536 | Lair:1   | Entered Level 1 of the Lair of Beasts
 10572 | Lair:1   | Reached skill level 11 in Conjurations
 11039 | Lair:1   | Noticed Gastronok
 11211 | Lair:1   | Killed Gastronok
 11331 | Lair:1   | Reached XP level 12. HP: 55/73 MP: 15/24
 11725 | Lair:2   | Reached skill level 12 in Conjurations
 11737 | Lair:2   | Found a labyrinth entrance.
 11757 | Lair:2   | Noticed a six-headed hydra
 11782 | Lair:2   | Killed a six-headed hydra
 11844 | Lab      | Entered a labyrinth
 12241 | Lab      | Got an iridescent long sword
 12242 | Lab      | Identified the +6 long sword of Verpharomn {speed, rElec Dex+4} (You found it in a labyrinth)
 12272 | Lab      | Noticed a minotaur
 12289 | Lab      | Killed a minotaur
 12304 | Lab      | Identified the Grimoire of Icy Unholy Rites
 12376 | Lab      | Got a brightly glowing trident
 12378 | Lab      | Identified the +7 trident "Demonslayer" {antimagic, rC+ Stlth+} (You found it in a labyrinth)
 12417 | Lab      | Reached skill level 5 in Dodging
 12670 | Lair:2   | Got a warped scimitar
 13033 | Lair:2   | Found a staircase to the Snake Pit.
 13714 | Lair:2   | Reached skill level 13 in Conjurations
 13839 | Lair:3   | Found a staircase to the Swamp.
 13876 | Lair:2   | Reached skill level 10 in Fighting
 14251 | Lair:3   | Reached XP level 13. HP: 80/82 MP: 21/25
 14421 | Lair:3   | Offered knowledge of Force Lance by Vehumet.
 14421 | Lair:3   | Reached skill level 1 in Evocations
 14474 | Lair:3   | Learned a level 4 spell: Force Lance
 15474 | Lair:4   | Reached **** piety under Vehumet
 15810 | Lair:4   | Offered knowledge of Lee's Rapid Deconstruction by Vehumet.
 16633 | Lair:5   | Reached skill level 14 in Conjurations
 17107 | Lair:5   | Noticed Josephine
 17260 | Lair:5   | Killed Josephine
 17260 | Lair:5   | Reached ***** piety under Vehumet
 17261 | Lair:5   | Offered knowledge of Lightning Bolt by Vehumet.
 17730 | Lair:6   | Entered Level 6 of the Lair of Beasts
 18107 | Lair:6   | Gained mutation: Your large and strong wings let you fly indefinitely. [Gargoyle growth]
 18107 | Lair:6   | Reached XP level 14. HP: 70/88 MP: 16/27
 19286 | Lair:5   | Reached skill level 10 in Spellcasting
 19676 | Lair:5   | Offered knowledge of Bolt of Fire by Vehumet.
 19696 | Lair:5   | Learned a level 6 spell: Bolt of Fire
 20324 | Lair:6   | Noticed an entropy weaver
 20350 | Lair:6   | Killed an entropy weaver
 20350 | Lair:6   | Reached skill level 15 in Conjurations
 21121 | Lair:6   | Found a staircase to the Slime Pits.
 21267 | Lair:6   | Noticed an entropy weaver
 21281 | Lair:6   | Killed an entropy weaver
 21999 | D:9      | Reached skill level 1 in Armour
 21999 | D:9      | Reached XP level 15. HP: 92/92 MP: 11/30
 22467 | D:11     | Noticed Nergalle
 22470 | D:11     | Killed Nergalle
 22532 | D:11     | Reached skill level 10 in Dodging
 22616 | D:11     | Noticed Sonja
 22632 | D:11     | Killed Sonja
 23706 | D:12     | Found a staircase to the Orcish Mines.
 23944 | Lair:1   | Identified the +7 scimitar of Death {vamp, Dex+4} (You found it on level 2 of the Lair of Beasts)
 24093 | Orc:1    | Entered Level 1 of the Orcish Mines
 24229 | Orc:2    | Entered Level 2 of the Orcish Mines
 24242 | Orc:2    | Found Rerphizosh's Antique Weapon Shop.
 24422 | Orc:1    | Found Hycryol's Weapon Emporium.
 24581 | Orc:1    | Reached skill level 16 in Conjurations
 24854 | Orc:2    | Reached skill level 5 in Armour
 24901 | Orc:2    | Offered knowledge of Venom Bolt by Vehumet.
 25177 | Orc:2    | Found Ynuclegh's Gadget Emporium.
 25177 | Orc:2    | Found Jala's Weapon Boutique.
 25177 | Orc:2    | Found Legazxep's Gadget Shop.
 25373 | Orc:2    | Found Zireerph's Magic Scroll Shoppe.
 25385 | Orc:2    | Bought a scroll of amnesia for 52 gold pieces
 26042 | Orc:2    | Found a staircase to the Elven Halls.
 26218 | D:13     | Identified Igywoergh's Tome of Harmful Toxins
 26950 | D:13     | Got a smoking leather armour
 26961 | D:13     | Identified the cursed +1 leather armour of the Voivode {rPois} (You found it on level 13 of the Dungeon)
 27081 | D:14     | Noticed Urug
 27081 | D:14     | Noticed Azrael
 27392 | D:14     | Noticed Kirke
 27407 | D:13     | Reached ****** piety under Vehumet
 27407 | D:13     | Offered knowledge of Poison Arrow by Vehumet.
 27596 | Snake:1  | Entered Level 1 of the Snake Pit
 28968 | Snake:1  | Reached XP level 16. HP: 22/97 MP: 4/31
 29354 | Swamp:1  | Entered Level 1 of the Swamp
 30354 | Swamp:1  | Noticed a thorn hunter
 30366 | Swamp:1  | Killed a thorn hunter
 32715 | Swamp:1  | Offered knowledge of Freezing Cloud by Vehumet.
 33240 | Swamp:2  | Reached skill level 17 in Conjurations
 33251 | Swamp:2  | Learned a level 6 spell: Freezing Cloud
 33337 | Swamp:2  | You are sucked into a shaft!
 33525 | Swamp:3  | Noticed Mara
 33526 | Swamp:3  | Noticed Gravitas's illusion
 34782 | Swamp:3  | Noticed Roxanne
 36031 | Swamp:3  | Noticed Gravitas's illusion
 36167 | Swamp:4  | Entered Level 4 of the Swamp
 36281 | Swamp:4  | Noticed a thorn hunter
 36292 | Swamp:3  | Killed a thorn hunter
 36593 | Swamp:4  | Offered knowledge of Orb of Destruction by Vehumet.
 36597 | Swamp:4  | Noticed Jorgrun
 36929 | Swamp:4  | Killed Jorgrun
 37548 | Swamp:3  | Reached XP level 17. HP: 67/102 MP: 24/33
 37683 | Swamp:4  | HP: 1/102 [seven-headed hydra (5)]
 37686 | Swamp:4  | Lost mutation: You expend magic power (3 MP) to strengthen your wands. [the power of Zot]
 38409 | Swamp:4  | Got a decaying rune of Zot
 38455 | Swamp:4  | Slain by a tyrant leech

Vault maps used:
D:1:      dpeg_arrival_connections, minmay_misc_feat_plants,
          minmay_misc_feat_ornament
D:3:      chequers_ecumenical_altar_simple, minivault_23, uniq_jessica
D:4:      lemuel_crystal_altar, zin_statuary, portal_sewer_entry_a, first_bread,
          nicolae_qazlal_eye_of_the_storm
D:5:      overflow_temple_1_default, minmay_lizard_king, uniq_pikel,
          uniq_crazy_yiuf_cottage, uniq_blork_the_orc
D:6:      minmay_flawed_box, kennysheep_little_box,
          nicolae_overflow_crystal_walls, minmay_temple_entry_overgrown,
          serial_shops, shop, nicolae_sextant
D:7:      old_standard_altar, serial_shops, shop
D:8:      overflow_temple_1_default
D:9:      kennysheep_mini_moat, dpeg_lair_monsters, grunt_ogre_cave,
          minmay_orc_keep
D:10:     gammafunk_beogh_shrine, grunt_dithmenos_shadows
D:11:     lemuel_ice_statue, uniq_nergalle, uniq_sonja
D:12:     kennysheep_orc_monster_closet_entryway
D:13:     dk_noncrumbling_3
D:14:     david_vaults_2, abandoned_shop, guppyfry_shop_earth, uniq_urug,
          uniq_kirke, uniq_azrael
Temple:   nicolae_temple_great_sept
Lair:1:   uniq_gastronok
Lair:2:   minmay_snake_entry_guardpost_small, lab_entry_generic,
          beast_lair_carwin_7, serial_bayou_shore_a
Lair:3:   minmay_swamp_entry_swarm
Lair:4:   minmay_lair_venomous_thicket, st_stairs_9, minivault_19, minivault_26
Lair:5:   uniq_josephine
Lair:6:   gammafunk_lair_ancient_temple, nicolae_slime_entry_slimehenge,
          minivault_29
Swamp:1:  hangedman_swamp_ruin_hall, swamp_pool5, infiniplex_staircase_pool
Swamp:2:  evilmike_swamp_ruin_house_4
Swamp:3:  nicolae_swamp_triple_paths, swamp_pool1, uniq_roxanne, uniq_mara
Swamp:4:  swamp, swamp_pool1, uniq_jorgrun
Snake:1:  nicolae_snake_squiggles, spider_trap, st_stairs_3,
          nicolae_snake_single_loop, lemuel_oklob_altar, uniq_frances
Orc:1:    serial_shops, shop, nicolae_orc_crystal_geode
Orc:2:    st_orc_rangers, serial_shops, nicolae_shop_window_shopping
Lab:      labyrinth_hidden_loot, nicolae_lab_big_swirl,
          labyrinth_skeletal_remains, nicolae_lab_grate_2, lab_hedge,
          nicolae_lab_quarters, lab_block
Sewer:    sewer_fruit_machine

Skill      XL: |  1  2  3  4  5  6  7  8  9 10 11 12 13 14 15 16 |
---------------+-------------------------------------------------+-----
Conjurations   | 2 3 4 6 7 9 10 11 13 14 15 16 17 | 17.6
Spellcasting   | 3 4 5 6 7 8 9 11 12 | 12.6
Fire Magic     | 4 5 6 8 9 10 11 12 | 12.8
Fighting       | 4 7 10 | 10.0
Dodging        | 3 6 8 9 10 | 10.0
Evocations     | 4 |  4.3
Armour         | 1 6 9 |  9.9
Stealth        | |  2.1

Action                   |  1- 3 |  4- 6 |  7- 9 | 10-12 | 13-15 | 16-18 || total
-------------------------+-------+-------+-------+-------+-------+-------++-------
Melee: Unarmed           |     5 |       |       |       |       |       ||     5
       Dagger            |       |    10 |       |       |       |       ||    10
       Club              |       |    13 |       |       |       |       ||    13
       Whip              |       |    53 |    30 |     3 |       |       ||    86
       Hunting sling     |       |       |     2 |       |       |       ||     2
       Hand axe          |       |       |     4 |    29 |     9 |    47 ||    89
       Long sword        |       |       |       |     2 |   447 |    12 ||   461
 Fire: Hunting sling     |    50 |    60 |    91 |     2 |       |       ||   203
Throw: Stone             |       |       |     2 |     7 |    32 |    11 ||    52
 Cast: Flame Tongue      |    44 |    89 |   191 |   348 |   807 |   554 ||  2033
       Conjure Flame     |       |       |     9 |    20 |    18 |       ||    47
       Sticky Flame      |       |       |     9 |    85 |   254 |   110 ||   458
       Freeze            |       |       |     4 |       |    28 |       ||    32
       Fireball          |       |       |       |     4 |     4 |       ||     8
       Bolt of Fire      |       |       |       |       |    31 |    13 ||    44
       Force Lance       |       |       |       |       |    12 |    41 ||    53
       Freezing Cloud    |       |       |       |       |       |     1 ||     1
 Abil: Fly               |       |       |       |       |     1 |       ||     1
Evoke: Wand              |       |     1 |       |     2 |     1 |     2 ||     6
  Use: Scroll            |       |    14 |     1 |    17 |    10 |     8 ||    50
       Potion            |       |     2 |     1 |     2 |     1 |     6 ||    12
 Stab: Sleeping          |       |     1 |       |     1 |       |       ||     2
       Distracted        |       |       |       |       |     1 |       ||     1
  Eat: Chunk             |     3 |     8 |    13 |    18 |    54 |    17 ||   113
       Fruit             |       |       |       |     2 |       |     3 ||     5
       Bread ration      |       |       |       |     2 |     1 |     1 ||     4
       Royal jelly       |       |       |       |       |       |     2 ||     2
       Meat ration       |       |       |       |       |       |     1 ||     1
Armor: Robe              |     6 |     7 |       |       |       |       ||    13
       Leather armour    |       |    43 |    52 |    36 |   135 |       ||   266
       Troll leather arm |       |       |       |   102 |    96 |       ||   198
       Scale mail        |       |       |       |       |   283 |   477 ||   760
Dodge: Dodged            |    16 |    58 |    63 |   289 |   998 |   539 ||  1963
Block: Other             |       |       |       |    39 |   298 |   158 ||   495
       Reflection        |       |       |       |     1 |    27 |       ||    28
       Rpst.: Long sword |       |       |       |     3 |   214 |     8 ||   225
